 Dungeon Crawl Stone Soup version 0.22-a0-455-ga0624bf (webtiles) character file.

101714 VincentAMV the Bludgeoner (level 15, -3/139 HPs)
             Began as a Minotaur Fighter on June 5, 2018.
             Was the Champion of the Shining One.
             Killed from afar by a fire giant (37 damage)
             ... with a bolt of fire
             ... on level 1 of the Orcish Mines.
             The game lasted 02:21:25 (25802 turns).

VincentAMV the Bludgeoner (Minotaur Fighter)       Turns: 25802, Time: 02:21:25

Health: -3/139     AC: 40    Str: 25    XL:     15   Next: 84%
Magic:  14/14      EV:  5    Int:  5    God:    the Shining One [******]
Gold:   2287       SH: 18    Dex: 12    Spells: 14/14 levels left

rFire    . . .     SeeInvis .   j - +7 morningstar (crush)
rCold    + + .     Gourm    .   A - +0 shield
rNeg     + + +     Faith    .   E - +4 crystal plate armour {rC+}
rPois    .         Spirit   .   k - +1 hat {MR+}
rElec    .         Reflect  +   I - +2 cloak {MR+}
rCorr    .         Harm     .   O - +0 pair of gloves
MR       ++++.     Clarity  +   s - +0 pair of boots
Stlth    ..........             r - +3 amulet of reflection
HPRegen  0.33/turn              l - ring of protection from magic
MPRegen  0.14/turn              v - +6 ring of protection

@: glowing
A: retaliatory headbutt, horns 2, clarity, cold resistance 1, sense surroundings
1
a: Divine Shield, Cleansing Flame, Summon Divine Warrior, Brand Weapon With Holy
Wrath, Renounce Religion


You were on level 1 of the Orcish Mines.
You worshipped the Shining One.
The Shining One was exalted by your worship.
You were not hungry.

You visited 5 branches of the dungeon, and saw 24 of its levels.
You also visited: Bailey and Ice Cave.

You collected 3207 gold pieces.
You spent 920 gold pieces at shops.

Inventory:

Hand Weapons
 a - a +1 scimitar of electrocution
 c - a +2 flail of protection
 j - a +7 morningstar of crushing (weapon)
 o - the +11 lajatang of Yfraesisa {protect, rElec Str+2, unknown}
   (You took it off an orc priest on level 1 of the Orcish Mines)

   It protects the one who uses it against injury (+AC on strike).
   It affects your strength (+2).
   It insulates you from electricity.
 J - a +2 glaive of freezing
Missiles
 B - 10 javelins (quivered)
 R - 4 throwing nets
Armour
 h - a +2 large shield
 k - a +1 hat of magic resistance (worn)
 s - a +0 pair of boots (worn)
 A - a +0 shield (worn)
 C - a +2 cloak of cold resistance
 E - a +4 crystal plate armour of cold resistance (worn)
 I - a +2 cloak of magic resistance (worn)
 L - a +1 chain mail of poison resistance
 O - a +0 pair of gloves (worn)
Jewellery
 e - an uncursed ring of ice
 l - a ring of protection from magic (left hand)
 r - a +3 amulet of reflection (around neck)
 v - a +6 ring of protection (right hand)
 M - a +3 ring of strength
Wands
 t - a wand of digging (8)
 x - a wand of paralysis (10)
Scrolls
 b - 4 scrolls of fear
 m - 2 scrolls of identify
 n - 8 scrolls of remove curse
 p - 10 scrolls of teleportation
 y - 4 scrolls of enchant weapon
 F - 3 scrolls of blinking
 H - 2 scrolls of brand weapon
 V - a scroll of magic mapping
Potions
 d - a potion of might
 i - 4 potions of curing
 q - a potion of lignification
 u - a potion of berserk rage
 w - 3 potions of agility
 D - 3 potions of haste
 N - a potion of cancellation
 Q - 3 potions of ambrosia
Miscellaneous
 G - a lightning rod (4/4)
 P - a phantom mirror
 W - a phial of floods
Comestibles
 f - 34 rations
 g - 6 chunks of flesh


   Skills:
 + Level 14.4 Fighting
 + Level 20.6 Maces & Flails
 + Level 3.4 Polearms
 - Level 2.2 Throwing
 + Level 13.3 Armour
 - Level 0.3 Stealth
 * Level 16.3 Shields
 - Level 0.8 Invocations


You had 14 spell levels left.
You didn't know any spells.
Your spell library contained the following spells:

 Spells                   Type           Power        Failure   Level  Hunger
 Cause Fear               Hex            #.........   100%        4    #####..
 Bolt of Fire             Conj/Fire      #.........   100%        6    #######
 Confuse                  Hex            #.......     100%        3    ####...
 Animate Dead             Necr           N/A          100%        4    #####..
 Pain                     Necr           #...         100%        1    ##.....
 Animate Skeleton         Necr           N/A          100%        1    ##.....
 Vampiric Draining        Necr           #.........   100%        3    ####...
 Summon Ice Beast         Ice/Summ       #.......     100%        4    #####..
 Regeneration             Chrm/Necr      #.........   100%        3    ####...
 Tukima's Dance           Hex            #.......     100%        3    ####...
 Corpse Rot               Necr           N/A          100%        2    ###....
 Stone Arrow              Conj/Erth      #.....       100%        3    ####...
 Dragon Form              Tmut           #.........   100%        7    #######
 Flame Tongue             Conj/Fire      #....        100%        1    ##.....
 Call Canine Familiar     Summ           #.......     100%        3    ####...
 Ensorcelled Hibernation  Hex/Ice        #.....       100%        2    ###....
 Summon Butterflies       Summ           #.......     100%        1    ##.....
 Corona                   Hex            #......      100%        1    ##.....
 Leda's Liquefaction      Hex/Erth       #.........   100%        4    #####..
 Summon Hydra             Summ           #.........   100%        7    #######
 Dazzling Spray           Conj/Hex       #.....       100%        3    ####...
 Summon Forest            Summ/Tloc      #.........   100%        5    ######.
 Dragon's Call            Summ           #.........   100%        9    #######
 Summon Mana Viper        Hex/Summ       #.......     100%        5    ######.
 Hydra Form               Tmut           #.........   100%        6    #######


Dungeon Overview and Level Annotations

Branches:
Dungeon (12/15)            Temple (1/1) D:7            Lair (6/6) D:10
 Shoals (0/4) Lair:2        Snake (3/4) Lair:4        Slime (0/5) Lair:5
    Orc (2/2) D:9             Elf (0/3) Orc:2

Altars:
Ashenzari
Cheibriados
Dithmenos
Elyvilon
Fedhas
Gozag
Hepliaklqana
Kikubaaqudgha
Makhleb
Nemelex Xobeh
Okawaru
Qazlal
Ru
Sif Muna
Trog
Uskayaw
Vehumet
Wu Jian
Xom
Yredelemnul
Zin
The Shining One

Shops:
D:5 %   D:11 !   Orc:1 !   Orc:2 (:[*


Innate Abilities, Weirdness & Mutations

You reflexively headbutt those who attack you in melee.
You have a pair of horns on your head.
You possess an exceptional clarity of mind.
Your flesh is cold resistant. (rC+)
You passively map a small area around you.


Message History

You block the warg's attack.
You sock the warg!
The warg is heavily wounded.
You block the warg's attack.
You bludgeon the warg!!
You kill the warg!
Okay, then.
You butcher the ettin corpse.
Items here: $ % ( ))) [ The fire giant casts a spell at you.
The bolt of fire hits you!
* * * LOW HITPOINT WARNING * * *
Things that are here:
a large rock; a robe; 2 chunks of flesh
There is an open door, spattered with blood here.
Items here: ! $ ))) a dire flail x2; a dagger; a potion of agility; 55 gold pieces The fire giant casts a spell at you.
The bolt of fire hits you!
You die...

#......,*#.#.......
#..... , #.........
#.... #.........
.C. , #.........
#C# ' ##..#......
#)# #...#...... #(#
,*#...##.....
##)##, #..###.....
#.@.# *#..# ##....
#...# #..####....
#.((#####.##.###...
#.(((..##.##.# #...
#...##.##.##.###...
#..(##.##.#...###..
#..(##.##.....# #..
#.((##.##.....# #..
##'###.##§≈...# #..


You could see a fire giant and a cyclops.

Vanquished Creatures
  An orc warlord (Orc:2)
  A reaper (IceCv)
  2 ettins (Orc:1)
  A fire dragon (Lair:6)
  5 naga warriors
  The ghost of pk666 the Thaumaturge, a journeyman DEFE of Vehumet (Lair:2)
  8 hydras
  Harold (Lair:1)
  3 anacondas (Snake:1)
  Erica (D:11)
  2 two-headed ogres
  A queen ant (Lair:2)
  A shock serpent (Snake:3)
  Urug (D:11)
  3 death yaks (Lair:6)
  4 orc high priests (Orc:2)
  3 naga sharpshooters
  A swamp dragon (Lair:6)
  An unseen horror (D:11)
  4 naga ritualists (Snake:2)
  5 mana vipers
  3 orc knights (Orc:2)
  4 orc sorcerers
  10 cyclopes (Orc:1)
  4 salamanders
  6 elephants
  Maurice (D:8)
  2 guardian serpents
  Joseph (D:8)
  26 black mambas
  A gargoyle (D:11)
  12 naga magi
  The ghost of Ratty the Grappler, a novice VSMo of Okawaru (D:6)
  2 ice statues (IceCv)
  A centaur skeleton (D:11)
  The ghost of Zorot the Insei, a novice OpGl (D:4)
  2 rime drakes
  7 spiny frogs
  9 komodo dragons
  8 ice devils (IceCv)
  5 trolls
  2 hornets
  14 blink frogs
  9 dream sheep
  6 hippogriffs
  A wyvern (D:12)
  34 yaks
  A fire elemental (Orc:1)
  4 basilisks
  A steam dragon (Lair:6)
  4 hogs (D:7)
  A human (D:7)
  Edmund (D:6)
  20 soldier ants (Lair:2)
  24 nagas
  8 wargs
  2 acid dragons (Lair:6)
  Duvessa (D:7)
  12 water moccasins
  11 porcupines
  2 swamp drakes (Lair:6)
  45 orc warriors
  A sky beast (D:7)
  A black bear (D:8)
  3 ice beasts
  A phantom (D:8)
  13 ogres
  10 wolves
  2 necrophages
  A centaur (D:8)
  23 crocodiles
  17 bullfrogs
  A wyvern zombie (D:11)
  A wyvern skeleton (D:6)
  5 scorpions
  Dowan (D:7)
  3 wights (D:10)
  A howler monkey (D:9)
  6 crimson imps
  5 jellies
  A lava snake (Orc:1)
  2 quasits (D:8)
  3 bullfrog zombies
  25 orc wizards
  4 hounds
  28 orc priests
  5 iguanas
  Crazy Yiuf (D:3)
  Terence (D:2)
  29 worker ants
  A hound skeleton (D:9)
  2 worker ant zombies
  Robin (D:2)
  6 gnolls
  11 adders
  A shadow imp (D:11)
  17 white imps
  13 ufetubi (IceCv)
  5 oozes
  2 adder skeletons
  An adder zombie (D:7)
  3 worms
  3 dart slugs
  7 leopard geckos
  74 orcs
  A bat zombie (D:8)
  2 giant cockroaches
  22 goblins
  24 hobgoblins
  8 jackals
  A quokka (D:3)
  4 ball pythons
  10 bats
  4 frilled lizards
  16 kobolds
  8 rats
  A rat zombie (D:8)
  A fungus (Lair:2)
  A plant (Lair:6)
803 creatures vanquished.

Vanquished Creatures (others)
  2 naga sharpshooters (Snake:2)
  4 cyclopes (Orc:1)
  A black mamba (Snake:2)
  A dream sheep (Lair:5)
  A naga (Snake:2)
  2 orc warriors (Orc:2)
  A white imp (IceCv)
  2 ufetubi (IceCv)
  14 kobolds
  3 fungi
  7 plants
38 creatures vanquished.

Grand Total: 841 creatures vanquished

Notes
Turn   | Place    | Note
-------+----------+-------------------------------------------
     0 | D:1      | VincentAMV the Minotaur Fighter began the quest for the Orb.
     0 | D:1      | Reached XP level 1. HP: 19/19 MP: 0/0
   190 | D:1      | Reached XP level 2. HP: 27/27 MP: 1/1
   403 | D:1      | Reached skill level 3 in Maces & Flails
   471 | D:1      | Reached XP level 3. HP: 32/33 MP: 2/2
   850 | D:2      | Reached XP level 4. HP: 16/40 MP: 3/3
  1102 | D:2      | Reached skill level 4 in Maces & Flails
  1216 | D:2      | Found a snail-covered altar of Cheibriados.
  1301 | D:2      | Noticed an ogre
  1306 | D:2      | Killed an ogre
  1306 | D:2      | Reached XP level 5. HP: 46/46 MP: 4/4
  1346 | D:2      | Noticed Terence
  1360 | D:2      | Killed Terence
  1360 | D:2      | Reached skill level 5 in Maces & Flails
  1847 | D:2      | Noticed Robin
  1858 | D:2      | Killed Robin
  1910 | D:2      | Reached XP level 6. HP: 45/52 MP: 5/5
  2191 | D:3      | Reached skill level 6 in Maces & Flails
  2221 | D:3      | Found a runed door.
  2225 | D:3      | Noticed Crazy Yiuf
  2231 | D:3      | Killed Crazy Yiuf
  2231 | D:3      | Reached skill level 5 in Shields
  2645 | D:3      | Found a shadowy altar of Dithmenos.
  3223 | D:3      | Found a basalt altar of Yredelemnul.
  3461 | D:4      | Noticed Zorot's ghost (novice OpGl)
  3991 | D:4      | Reached skill level 5 in Armour
  4087 | D:4      | Found a deep blue altar of Sif Muna.
  4301 | D:4      | Killed Zorot's ghost
  4301 | D:4      | Reached skill level 7 in Maces & Flails
  4301 | D:4      | Reached XP level 7. HP: 47/60 MP: 6/6
  4483 | D:5      | Entered Level 5 of the Dungeon
  4496 | D:5      | Found an opulent altar of Gozag.
  4496 | D:5      | Found a shattered altar of Ashenzari.
  4503 | D:5      | Found Fuapicy's Food Shoppe.
  4547 | D:5      | Found a hide-covered altar of Uskayaw.
  4791 | D:5      | Reached skill level 8 in Maces & Flails
  4799 | D:5      | Reached XP level 8. HP: 67/67 MP: 7/7
  4966 | D:6      | Noticed Ratty's ghost (novice VSMo)
  4984 | D:6      | Killed Ratty's ghost
  4984 | D:6      | Reached skill level 9 in Maces & Flails
  5290 | D:6      | Reached skill level 10 in Maces & Flails
  5336 | D:6      | Noticed Edmund
  5376 | D:6      | Killed Edmund
  5376 | D:6      | Reached skill level 5 in Fighting
  5376 | D:6      | Reached skill level 1 in Throwing
  5628 | D:6      | Reached XP level 9. HP: 71/74 MP: 8/8
  6050 | D:7      | Reached skill level 11 in Maces & Flails
  6082 | D:7      | Found a white marble altar of Elyvilon.
  6125 | D:7      | Noticed Dowan
  6138 | D:7      | Killed Dowan
  6144 | D:7      | Noticed Joseph
  6152 | D:7      | Noticed Duvessa
  6290 | D:7      | Found a staircase to the Ecumenical Temple.
  6309 | Temple   | Entered the Ecumenical Temple
  6404 | Temple   | Became a worshipper of the Shining One
  6916 | D:7      | Reached skill level 12 in Maces & Flails
  7098 | D:7      | Killed Duvessa
  7223 | D:8      | Found a basalt altar of Yredelemnul.
  7273 | D:8      | Found a blossoming altar of Fedhas.
  7407 | D:8      | Killed Joseph
  7407 | D:8      | Reached XP level 10. HP: 55/84 MP: 9/9
  7805 | D:8      | Noticed Maurice
  7838 | D:8      | Killed Maurice
  7838 | D:8      | Reached skill level 13 in Maces & Flails
  7980 | D:8      | Reached * piety under the Shining One
  7996 | D:8      | Found an ancient bone altar of Kikubaaqudgha.
  8353 | D:10     | Entered Level 10 of the Dungeon
  8828 | D:9      | Found a staircase to the Orcish Mines.
  9086 | D:9      | Reached skill level 14 in Maces & Flails
  9359 | D:9      | Reached ** piety under the Shining One
  9648 | D:10     | Reached XP level 11. HP: 77/92 MP: 10/10
  9684 | D:10     | Found a staircase to the Lair.
 10318 | D:11     | Noticed an unseen horror
 10318 | D:11     | Noticed Erica
 10327 | D:11     | Killed an unseen horror
 10334 | D:11     | Killed Erica
 10334 | D:11     | Reached skill level 10 in Shields
 10608 | D:11     | Found a flagged portal.
 10610 | D:11     | Noticed Urug
 10625 | D:11     | Killed Urug
 10625 | D:11     | Reached skill level 15 in Maces & Flails
 10681 | Bailey   | Entered a bailey
 10724 | Bailey   | Reached *** piety under the Shining One
 10847 | Bailey   | Reached skill level 1 in Polearms
 11140 | D:11     | Found Nuubluedgh's Distillery.
 11147 | D:11     | Bought a potion of heal wounds for 65 gold pieces
 11147 | D:11     | Bought a potion of ambrosia for 104 gold pieces
 11147 | D:11     | Bought a potion of resistance for 130 gold pieces
 11147 | D:11     | Bought a potion of curing for 39 gold pieces
 11147 | D:11     | Bought a potion of curing for 39 gold pieces
 12770 | Lair:1   | Entered Level 1 of the Lair of Beasts
 12903 | Lair:1   | Reached XP level 12. HP: 104/104 MP: 11/11
 12995 | Lair:1   | Reached skill level 16 in Maces & Flails
 13299 | Lair:1   | Noticed Harold
 13313 | Lair:1   | Killed Harold
 13806 | Lair:1   | Gained mutation: You passively map a small area around you. [potion of mutation]
 13806 | Lair:1   | Gained mutation: Your flesh is cold resistant. (rC+) [potion of mutation]
 13806 | Lair:1   | Gained mutation: You possess an exceptional clarity of mind. [potion of mutation]
 13923 | Lair:2   | Found a staircase to the Shoals.
 13935 | Lair:2   | Noticed a five-headed hydra
 13945 | Lair:2   | Killed a five-headed hydra
 14011 | Lair:2   | Reached skill level 10 in Armour
 14176 | Lair:2   | Noticed a queen ant
 14181 | Lair:2   | Reached skill level 10 in Fighting
 14191 | Lair:2   | Killed a queen ant
 14227 | Lair:2   | Reached skill level 17 in Maces & Flails
 14668 | Lair:2   | Noticed pk666's ghost (journeyman DEFE)
 14677 | Lair:2   | Killed pk666's ghost
 15135 | Lair:3   | Noticed a five-headed hydra
 15143 | Lair:3   | Killed a five-headed hydra
 15207 | Lair:3   | Reached XP level 13. HP: 97/114 MP: 12/12
 16367 | Lair:4   | Found a staircase to the Snake Pit.
 16817 | Snake:1  | Entered Level 1 of the Snake Pit
 17045 | Lair:5   | Reached skill level 18 in Maces & Flails
 17086 | Lair:5   | Found a frozen archway.
 17094 | Lair:5   | Reached **** piety under the Shining One
 17127 | IceCv    | Entered an ice cave
 17197 | IceCv    | Reached ***** piety under the Shining One
 17292 | IceCv    | Noticed a reaper
 17314 | IceCv    | Killed a reaper
 17867 | Lair:5   | Found a staircase to the Slime Pits.
 17990 | Lair:6   | Entered Level 6 of the Lair of Beasts
 18211 | Lair:6   | Reached XP level 14. HP: 121/126 MP: 13/13
 20033 | Snake:1  | Reached skill level 19 in Maces & Flails
 21667 | Snake:2  | Reached skill level 15 in Shields
 21718 | Snake:2  | Reached XP level 15. HP: 132/136 MP: 14/14
 22413 | Snake:2  | Identified a scroll of acquirement
 23017 | Orc:1    | Entered Level 1 of the Orcish Mines
 23045 | Orc:1    | Reached skill level 20 in Maces & Flails
 23792 | Orc:1    | Found Jungy's Distillery.
 23838 | Orc:1    | Bought a potion of might for 52 gold pieces
 23838 | Orc:1    | Bought a potion of haste for 130 gold pieces
 23838 | Orc:1    | Bought a potion of curing for 39 gold pieces
 23936 | Orc:2    | Entered Level 2 of the Orcish Mines
 23936 | Orc:2    | Found a bloodstained altar of Trog.
 24072 | Orc:2    | Reached ****** piety under the Shining One
 24174 | Orc:2    | Noticed an orc warlord
 24200 | Orc:2    | Killed an orc warlord
 24561 | Orc:2    | Found a staircase to the Elven Halls.
 24941 | Orc:2    | Found Ubill's Antique Armour Boutique.
 24942 | Orc:2    | Found Jegiywar's Antique Weapon Shop.
 24945 | Orc:2    | Found Xaingawain's General Store.
 24945 | Orc:2    | Found Fablu's Book Boutique.
 24995 | Orc:2    | Bought a shiny large shield for 165 gold pieces
 25048 | Orc:2    | Bought a potion of curing for 45 gold pieces
 25048 | Orc:2    | Bought a scroll of enchant armour for 112 gold pieces
 25778 | Orc:1    | Got an ichor-stained lajatang {protect}
 25793 | Orc:1    | Noticed a fire giant
 25802 | Orc:1    | Killed from afar by a fire giant

Vault maps used:
D:1:      dpeg_arrival_morbid_curiosity
D:2:      minmay_wonky_spiral, kennysheep_slug_shrine, bh_walls_and_bars,
          uniq_terence, uniq_robin
D:3:      grunt_dithmenos_smoke, nicolae_overflow_crystal_walls,
          uniq_crazy_yiuf_cottage
D:4:      kennysheep_mini_moat
D:5:      old_standard_altar, grunt_temple_overflow_open, serial_shops, shop,
          first_ration
D:6:      uniq_edmund
D:7:      overflow_temple_1_default, minmay_temple_entry_glass, minmay_holes,
          grunt_livestock, uniq_joseph, uniq_duvessa
D:8:      lemuel_zombie_altar_kikubaaqudgha, kennysheep_little_box,
          serial_glass, glass_columns_b, glass_columns_b, basic_altar,
          uniq_maurice
D:9:      david_orc_4
D:10:     minmay_lair_entry_grove
D:11:     enter_bailey_3, serial_shops, shop_statue, nicolae_water_bricks,
          uniq_erica, uniq_urug
Temple:   hc_temple_tempest_star
Lair:1:   beast_lair_carwin_1, uniq_harold
Lair:2:   shoals_dummy_entry, minivault_29
Lair:3:   lemuel_fruit_fields, grunt_megastairs_2
Lair:4:   dummy_snake_entry
Lair:5:   nicolae_slime_entry_slimehenge, portal_ice_cave_entry_imps,
          gammafunk_lair_bear_cave, serial_bayou_shore_a
Lair:6:   guppyfry_lair_end_dragon, lemuel_fruit_tree,
          infiniplex_staircase_pool_2
Snake:2:  stair_cage_line
Orc:1:    giant_chief_lemuel, serial_shops, shop
Orc:2:    st_orc_congregation, basic_altar
Bailey:   bailey_axe_1, bailey
IceCv:    ice_cave_small_demon

Skill      XL: |  1  2  3  4  5  6  7  8  9 10 11 12 13 14 15 |
---------------+----------------------------------------------+-----
Armour         | 4 5 6 7 8 9 10 11 12 13 | 13.3
Shields        | 4 6 7 8 9 11 12 13 15 16 | 16.3
Maces & Flails | 3 4 5 7 8 10 12 14 15 17 18 19 20 | 20.6
Fighting       | 4 5 6 7 9 10 12 13 14 | 14.4
Throwing       | 1 2 |  2.2
Polearms       | 3 |  3.4
Stealth        | |  0.3
Invocations    | |  0.8

Action                   |  1- 3 |  4- 6 |  7- 9 | 10-12 | 13-15 || total
-------------------------+-------+-------+-------+-------+-------++-------
Melee: Flail             |    64 |   213 |   287 |   252 |       ||   816
       Headbutt          |    14 |    35 |    50 |   155 |   201 ||   455
       Morningstar       |       |       |       |   373 |  1040 ||  1413
       Spear             |       |       |       |    82 |       ||    82
Throw: Javelin           |       |     6 |    10 |     6 |     3 ||    25
       Throwing net      |       |       |       |     1 |       ||     1
       Tomahawk          |       |       |       |     5 |       ||     5
Invok: Divine Shield     |       |       |       |     1 |     2 ||     3
Evoke: Wand              |       |       |       |       |     1 ||     1
  Use: Potion            |     1 |     3 |     1 |     6 |    13 ||    24
       Scroll            |       |    11 |     1 |    18 |    13 ||    43
  Eat: Chunk             |       |     6 |     5 |     7 |    15 ||    33
       Ration            |       |     2 |     1 |     6 |     5 ||    14
Armor: Scale mail        |    16 |       |       |       |       ||    16
       Chain mail        |    25 |    77 |    69 |   141 |   371 ||   683
       Plate armour      |       |       |       |    61 |       ||    61
       Skin              |       |       |       |    14 |       ||    14
       Crystal plate arm |       |       |       |       |    26 ||    26
Dodge: Dodged            |    19 |    31 |    30 |   110 |   211 ||   401
Block: Shield            |    34 |   128 |   157 |   473 |   745 ||  1537
       Reflection        |       |    17 |     1 |    55 |    92 ||   165
       Buckler           |       |       |       |       |    17 ||    17

Table legend:
 A = Spawn XP
 B = Non-spawn XP
 C = Spawn XP percentage of total XP
 D = Spawn monster count
 E = Non-spawn monster count
 F = Spawn count percentage of total count
 G = Total turns spent on level
                    A         B        C        D         E        F      G
               +---------+---------+-------+---------+---------+-------+---------
         Total |       0 |  145307 |   0.0 |       0 |     824 |   0.0 | 25802
               +---------+---------+-------+---------+---------+-------+---------
           D:1 |       0 |      60 |   0.0 |       0 |      29 |   0.0 |   810
           D:2 |       0 |     322 |   0.0 |       0 |      42 |   0.0 |  1174
           D:3 |       0 |     212 |   0.0 |       0 |      30 |   0.0 |  1459
           D:4 |       0 |     470 |   0.0 |       0 |      10 |   0.0 |  1040
           D:5 |       0 |     386 |   0.0 |       0 |      10 |   0.0 |   474
           D:6 |       0 |    1532 |   0.0 |       0 |      20 |   0.0 |  1055
           D:7 |       0 |    1943 |   0.0 |       0 |      23 |   0.0 |   906
           D:8 |       0 |    1901 |   0.0 |       0 |      18 |   0.0 |  1070
           D:9 |       0 |    3564 |   0.0 |       0 |      39 |   0.0 |  1278
          D:10 |       0 |    2469 |   0.0 |       0 |      24 |   0.0 |   961
          D:11 |       0 |    4949 |   0.0 |       0 |      28 |   0.0 |  1131
          D:12 |       0 |    1444 |   0.0 |       0 |       8 |   0.0 |  1084
        Lair:1 |       0 |    7819 |   0.0 |       0 |      38 |   0.0 |  1107
        Lair:2 |       0 |    7572 |   0.0 |       0 |      51 |   0.0 |  1023
        Lair:3 |       0 |    8429 |   0.0 |       0 |      30 |   0.0 |  1274
        Lair:4 |       0 |    5796 |   0.0 |       0 |      27 |   0.0 |   875
        Lair:5 |       0 |    4386 |   0.0 |       0 |      30 |   0.0 |   721
        Lair:6 |       0 |   15288 |   0.0 |       0 |      36 |   0.0 |  1689
       Snake:1 |       0 |   16809 |   0.0 |       0 |      32 |   0.0 |  1749
       Snake:2 |       0 |   24089 |   0.0 |       0 |      57 |   0.0 |   997
       Snake:3 |       0 |    1310 |   0.0 |       0 |       2 |   0.0 |   263
         Orc:1 |       0 |   14961 |   0.0 |       0 |      72 |   0.0 |  1335
         Orc:2 |       0 |   15015 |   0.0 |       0 |     107 |   0.0 |  1450
        Bailey |       0 |     734 |   0.0 |       0 |      32 |   0.0 |   205
         IceCv |       0 |    3847 |   0.0 |       0 |      29 |   0.0 |   457
               +---------+---------+-------+---------+---------+-------+---------
